 Dungeon Crawl Stone Soup version 0.30-a0-626-gd6a5dd7a1f (webtiles) character file.

Game seed: 710220198024132065

364 KennySheep the Stinger (level 6, -1/67 HPs)
             Began as a Demigod Venom Mage on Jan 12, 2023.
             Succumbed to a scorpion's poison
             ... on level 4 of the Dungeon.
             The game lasted 00:09:36 (3998 turns).

KennySheep the Stinger (Demigod Venom Mage)         Turns: 3998, Time: 00:09:37

Health: -1/67      AC:  3    Str: 17    XL:     6   Next: 16%
Magic:  13/13      EV: 12    Int: 20    God:
Gold:   212        SH:  0    Dex: 14    Spells: 5/10 levels left

rFire   + . .      SeeInvis .    s - +8 dagger "Mal Isey" {heavy, +Blink Int+3}
rCold   . . .      Faith    .    (no shield)
rNeg    . . .      Spirit   .    a - +0 robe
rPois   .          Reflect  .    (no helmet)
rElec   .          Harm     .    (no cloak)
rCorr   .          Rampage  .    e - +0 pair of gloves
Will    .....                    (no boots) Stlth
                                 (no amulet)
HPRegen 0.31/turn                (no ring)
MPRegen 0.13/turn                (no ring)

@: berserking (expiring), lethally poisoned (-1 -> -6), slowed
A: high MP 1, forlorn, divine attributes, fire resistance 1, wild magic 1
a: Evoke Blink


You were on level 4 of the Dungeon.
You visited 1 branch of the dungeon, and saw 4 of its levels.

You collected 212 gold pieces.

Inventory:

Hand Weapons
 s - the +8 dagger "Mal Isey" (weapon) {heavy, +Blink Int+3}
   (You found it on level 3 of the Dungeon)

   Int:       It affects your intelligence (+3).
   +Blink:    It lets you blink.
Armour
 a - a +0 robe (worn)
 e - a +0 pair of gloves (worn)
 u - the +5 ring mail "Houxaf" {Int+4}
   (You took it off a kobold on level 4 of the Dungeon)

   Int:       It affects your intelligence (+4).
Jewellery
 h - a ring of wizardry
Wands
 l - a wand of digging (4)
Scrolls
 c - a scroll of enchant weapon {unknown}
 d - a scroll of enchant armour {unknown}
 f - 2 scrolls of teleportation {unknown}
 g - a scroll of brand weapon {unknown}
 i - a scroll of amnesia {unknown}
 n - a scroll of identify {unknown}
 q - a scroll of silence {unknown}
 r - a scroll of vulnerability {unknown}
Potions
 b - a potion of magic
 k - a potion of mutation
 m - 2 potions of brilliance
 o - a potion of heal wounds {unknown}
 p - a potion of resistance {unknown}
 t - a potion of flight {unknown}


   Skills:
 - Level 1.7 Dodging
 - Level 1.7 Stealth
 - Level 2.2 Unarmed Combat
 - Level 2.7 Spellcasting
 - Level 0.8 Transmutations
 + Level 5.6 Poison Magic


You had 5 spell levels left.
You knew the following spells:

 Your Spells              Type           Power      Damage    Failure   Level
a - Sting                 Tmut/Pois      80%        1d7       6%          1
b - Olgreb's Toxic Radia  Pois           32%        N/A       21%         4

Your spell library contained the following spells:

 Spells                   Type           Power      Damage    Failure   Level
 Poisonous Vapours        Pois/Air       36%        N/A       11%         2
 Freeze                   Ice            12%        1d3       21%         1
 Mephitic Cloud           Conj/Pois/Air  13%        N/A       28%         3
 Frozen Ramparts          Ice            6%         1d1       50%         3
 Hailstorm                Conj/Ice       3%         3d3       50%         3
 Chain Lightning          Conj/Air       1%         3d2       100%        9
 Fire Storm               Conj/Fire      1%         8d1       100%        9
 Shatter                  Erth           1%         3d6*      100%        9


Dungeon Overview and Level Annotations

Branches:
Dungeon (4/15)             Temple (0/1) D:4

Shops:
D:1 :   D:2 :


Innate Abilities, Weirdness & Mutations

You have an increased reservoir of magic. (+10% MP)
You shall have no god before yourself.
Your divine heritage dramatically boosts your attributes as you level up.
Your flesh is heat resistant. (rF+)
Your spells are a little harder to cast, but a little more powerful.


Message History

You barely miss the scorpion. The scorpion stings you.
You are poisoned.
The scorpion poisons you! The scorpion stings you.
The scorpion barely misses you.
The sting hits the scorpion.
The scorpion is poisoned.
The scorpion is lightly wounded.
You feel very sick. The scorpion completely misses you.
The scorpion stings you. Magic courses through your body.
You feel very sick. The scorpion barely misses you. The scorpion stings you.
* * * LOW HITPOINT WARNING * * *
You are lethally poisoned!
The scorpion poisons you!
It was a potion of berserk rage.
A red film seems to cover your vision as you go berserk!
You feel yourself moving faster!
You feel mighty!
* * * LOW HITPOINT WARNING * * *
You feel extremely sick. The scorpion closely misses you.
The scorpion misses you.
An orc comes into view. It is wielding a +0 short sword.
You barely miss the scorpion.
The orc shouts!
You punch the scorpion.
The scorpion is severely wounded.
* * * LOW HITPOINT WARNING * * *
You feel very sick.
You kill the scorpion!
You have reached level 6!
Your experience leads to a dramatic increase in your attributes!
Your base attributes are Str 13, Int 17, Dex 14.
Increase (S)trength, (I)ntelligence, or (D)exterity?
You feel stronger. x4
You are too berserk!
* * * LOW HITPOINT WARNING * * *
You feel sick.
You feel a strong urge to attack something.
* * * LOW HITPOINT WARNING * * *
You feel sick.
You die...

..# #.....##.......#.#.#..# .
..). ##. #.#..##....##.......#..
...†##..##.##..##.#####.........
.......##...##....# #.........
.)........>.......## #.†.##....
)....).##...##.....## ##.## #..#
....##..##.##..##....##...#
##.## .. ##..#.#..##..#..###.##
#.... ##.....##.@##.###..##
###.. ...#.....#...##.####..##
#. ....................#.#.#
##.# .##...#.......†....#....#
#... #...##...........).##.##
#.. ##..[#......(..........####.
#.....##.........÷...###...
...............o.......#...
..........................#.


You could see an orc.

Vanquished Creatures
  A bullfrog (D:3)
  A scorpion (D:4)
  A hound (D:4)
  An iguana (D:3)
  Natasha (twice) (D:4)
  3 adders
  An ufetubus (D:4)
  4 worms
  8 orcs (D:4)
  6 endoplasms
  8 giant cockroaches
  9 goblins
  5 hobgoblins
  4 jackals (D:4)
  11 kobolds
  5 quokkas
  5 ball pythons
  4 bats
  2 frilled lizards (D:1)
  5 rats
86 creatures vanquished.

Notes
Turn   | Place    | Note
-------+----------+-------------------------------------------
     0 | D:1      | KennySheep the Demigod Venom Mage began the quest for the
                  | Orb.
     0 | D:1      | Reached XP level 1. HP: 14/14 MP: 5/5
   372 | D:1      | Reached skill level 3 in Poison Magic
   399 | D:1      | Reached XP level 2. HP: 20/20 MP: 0/7
   530 | D:1      | Reached skill level 1 in Unarmed Combat
  1119 | D:1      | Found Heakline's Book Emporium.
  1336 | D:2      | Reached XP level 3. HP: 22/26 MP: 1/8
  2053 | D:2      | Found Zigaod's Book Emporium.
  2304 | D:3      | Noticed a bullfrog
  2318 | D:3      | Killed a bullfrog
  2319 | D:3      | Reached XP level 4. HP: 4/33 MP: 1/10
  2439 | D:3      | Learned a level 4 spell: Olgreb's Toxic Radiance
  2925 | D:3      | Reached skill level 4 in Poison Magic
  2925 | D:3      | Reached XP level 5. HP: 29/38 MP: 3/12
  3030 | D:3      | Gained mutation: Your flesh is heat resistant. (rF+)
                  | [potion of mutation]
  3030 | D:3      | Gained mutation: Your spells are a little harder to cast,
                  | but a little more powerful. [potion of mutation]
  3173 | D:3      | Identified the +8 dagger "Mal Isey" {heavy, +Blink Int+3}
  3671 | D:4      | Identified the +5 ring mail "Houxaf" {Int+4}
  3857 | D:4      | Noticed Natasha
  3862 | D:4      | Killed Natasha
  3863 | D:4      | Reached skill level 5 in Poison Magic
  3930 | D:4      | Found a staircase to the Ecumenical Temple.
  3982 | D:4      | Noticed Natasha
  3990 | D:4      | Killed Natasha
  3996 | D:4      | Reached XP level 6. HP: 4/45 MP: 13/13
  3996 | D:4      | HP: 2/67 [poisoned by a scorpion]
  3998 | D:4      | Succumbed to a scorpion's poison

Illustrated notes

Levels and vault maps discovered:
D:1:      nzn_arrival_settlement, layout_loops_corners, serial_shops, shop,
          minmay_misc_feat_plants, st_stairs_13
D:2:      layout_basic, serial_shops, nicolae_shop_behind_doors,
          kennysheep_generic_room_5
D:3:      kennysheep_six_static_rooms, layout_loops_ring,
          grunt_temple_overflow_growth_and_decay, trog_book
D:4:      layout_cave_pools, minmay_temple_entry_waves, st_stairs_3,
          wad_floor_pattern_2, sigmund_army, uniq_natasha

Skill      XL: |  1  2  3  4  5 |
---------------+----------------+-----
Poison Magic   | 3 4 5 |  5.6
Unarmed Combat | 1 2 |  2.2
Spellcasting   | 2 |  2.7
Dodging        | |  1.7
Stealth        | |  1.7
Transmutations | |  0.8

Action                   |  1- 3 |  4- 6 || total
-------------------------+-------+-------++-------
Melee: Unarmed           |    17 |       ||    17
       Dagger            |       |    22 ||    22
       Punch             |       |     1 ||     1
 Cast: Sting             |   101 |    79 ||   180
       Olgreb's Toxic Ra |       |     2 ||     2
  Use: Potion            |     3 |     3 ||     6
 Stab: Sleeping          |       |     1 ||     1
Armor: Robe              |    17 |    22 ||    39
Dodge: Dodged            |    47 |    46 ||    93

Table legend: (Time is in decaauts)
 A = Elapsed time spent in this place.
 B = Non-inter-level travel time spent in this place.
 C = Inter-level travel time spent in this place.
 D = Time resting spent in this place.
 E = Time spent auto-exploring this place.
 F = Levels seen in this place.
 G = Mean time per level.
                   A        B        C        D        E       F      G
               +--------+--------+--------+--------+--------+-----+--------+
         Total |   4011 |   3911 |    100 |    483 |   2842 |   4 | 1002.8 |
       Dungeon |   4011 |   3911 |    100 |    483 |   2842 |   4 | 1002.8 |
               +--------+--------+--------+--------+--------+-----+--------+

Top non-repeatable levels by time:
     D:3: 1258 daAuts
     D:1: 1232 daAuts
     D:2: 1070 daAuts
     D:4: 449 daAuts
